Map: Automaton LE

Players

Astrea - Winner!

  • Race: Protoss Protoss
  • League: Master
  • Spawn Location: 9:00

Kelazhur

  • Race: Terran Terran
  • League: Diamond
  • Spawn Location: 3:00

Event: 2019 WCS Winter Americas

VOD

Have the link to the VOD?

Description

Time

  • Played on: Feb. 17, 2019, 2:31 p.m.
  • Length: 20:09

All games in this series

Show
View Real Time Build Order
Export as new Build Order

Astrea Protoss - Winner!

Build Orders: 1 Gate Expand, Oracle Opening 

Get SALT Encoding   

  12  0:00  Probe  
  13  0:12  Probe  
  14  0:18  Pylon  
  14  0:24  Probe  
  15  0:32  Probe  
  15  0:39  Gateway  
  15  0:40  Probe  
  17  0:51  Probe  
  17  0:52  Assimilator  
  18  1:03  Probe  
  19  1:15  Probe  
  20  1:27  Nexus  
  20  1:37  Cybernetics Core  
  20  1:40  Cybernetics Core  
  20  1:43  Probe  
  21  1:49  Assimilator  
  21  1:55  Probe  
  21  1:58  Pylon  
  22  2:06  Adept  
  22  2:07  Probe  
  23  2:19  Probe  
  26  2:25  Stargate  
  26  2:31  Probe  
  26  2:34  Warp Gate  
  27  2:37  Probe  
  27  2:40  Probe  
  27  2:43  Adept  
  31  2:45  Probe  
  31  2:48  Probe  
  32  2:54  Probe  
  32  2:57  Probe  
  32  2:58  Oracle  
  35  3:10  Probe  
  35  3:12  Probe  
  38  3:13  Adept  
  40  3:22  Probe  
  40  3:24  Probe  
  40  3:25  Pylon  
  41  3:42  Oracle, Probe x2  
  39  3:54  Probe x2  
  43  4:06  Probe x2  
  43  4:07  Gateway  
  45  4:10  Gateway  
  45  4:18  Probe x2  
  45  4:24  Nexus  
  47  4:27  Pylon  
  47  4:30  Probe x2  
  51  4:42  Probe x2  
  51  4:43  Pylon  
  53  4:54  Probe  
  53  4:55  Probe  
  53  4:57  Forge  
  53  4:58  Twilight Council  
  53  5:01  Stalker x2, Assimilator  
  53  5:06  Stalker, Assimilator, Probe  
  60  5:10  Probe, Blink  
  60  5:11  Protoss Ground Weapons Level 1, Pylon  
  61  5:19  Probe  
  56  5:22  Probe  
  56  5:25  Stalker  
  56  5:26  Stalker  
  61  5:41  Stalker  
  63  5:44  Probe x2  
  65  5:52  Probe  
  65  5:56  Probe  
  65  5:57  Probe  
  68  6:03  Gateway  
  68  6:04  Probe, Gateway  
  68  6:05  Sentry x3  
  68  6:06  Gateway  
  68  6:09  Pylon  
  75  6:20  Shield Battery  
  75  6:28  Stalker x3  
  75  6:30  Pylon  
  75  6:31  Pylon  
  75  6:32  Probe x3  
  80  6:43  Robotics Facility  
  80  6:44  Phoenix  
  80  6:45  Probe x3  
  85  6:52  Gateway  
  85  6:53  Gateway  
  85  7:03  Charge, Stalker x4  
  85  7:04  Zealot  
  95  7:14  Protoss Ground Armor Level 1  
  95  7:20  Stalker  
  90  7:27  Zealot x4  
  90  7:38  Pylon  
  90  7:40  Observer  
  90  7:43  Probe x3  
  94  7:47  Zealot x5  
  94  7:48  Zealot  
  106  7:51  Pylon  
  106  7:53  Pylon  
  104  7:59  Photon Cannon  
  104  8:01  Assimilator  
  104  8:10  Observer  
  104  8:12  Zealot x7  
  118  8:18  Templar Archives  
  119  8:20  Probe x3  
  119  8:25  Pylon  
  122  8:29  Psionic Storm  
  120  8:44  Zealot x2  
  120  8:45  Zealot x6  
  132  8:52  Warp Prism  
  132  8:58  Assimilator, Pylon  
  132  9:10  High Templar x3, Forge  
  133  9:17  Protoss Ground Armor Level 2  
  133  9:25  Zealot x5  
  133  9:30  Pylon  
  143  9:39  Immortal, Pylon  
  143  9:47  Stalker x5  
  143  9:58  Zealot x3  
  129  10:07  Protoss Ground Weapons Level 2  
  119  10:17  Zealot x5  
  119  10:19  Immortal  
  125  10:38  Stalker  
  127  10:44  Nexus  
  127  10:46  Pylon  
  127  10:48  High Templar x5  
  131  10:52  Archon x2  
  129  10:59  Zealot x2  
  129  11:02  Observer  
  121  11:05  Immortal, Protoss Ground Armor Level 3  
  111  11:16  Zealot  
  111  11:25  Zealot x2  
  111  11:26  Zealot x5  
  111  11:30  Probe x3  
  128  11:42  Probe  
  127  11:47  Immortal  
  127  11:50  Photon Cannon  
  131  11:54  Stalker x5  
  131  11:58  High Templar x2  
  143  12:18  Zealot x4, High Templar x2  
  143  12:21  Probe x4  
  159  12:30  Warp Prism  
  159  12:31  Observer  
  161  12:42  High Templar x4  
  161  12:43  Zealot x2  
  173  12:46  Gateway x2  
  173  12:47  Archon x2  
  173  12:56  Zealot  
  173  12:57  Zealot  
  175  13:00  Protoss Ground Weapons Level 3  
  175  13:02  Archon  
  175  13:12  Robotics Bay  
  175  13:13  Assimilator  
  175  13:14  Assimilator  
  175  13:18  Zealot x2  
  175  13:19  High Templar  
  179  13:20  Zealot x4  
  185  13:28  Pylon  
  185  13:30  Pylon, Robotics Facility  
  185  13:32  Pylon  
  185  13:34  Gateway x2  
  185  13:36  Gateway  
  185  13:45  Protoss Shields Level 1  
  185  13:55  Colossus, Nexus  
  185  14:00  Extended Thermal Lance  
  185  14:08  Colossus  
  187  14:18  High Templar  
  187  14:19  Pylon  
  187  14:43  Dark Shrine  
  173  14:55  Zealot x11  
  193  15:13  Disruptor x2  
  197  15:20  Photon Cannon  
  197  15:24  Photon Cannon  
  197  15:25  Photon Cannon  
  197  15:27  Photon Cannon  
  197  15:29  Photon Cannon  
  197  15:32  Protoss Air Weapons Level 1  
  193  15:39  Fleet Beacon  
  193  15:40  Stargate  
  193  15:44  Stargate  
  165  15:59  High Templar x4  
  165  16:00  Colossus, Warp Prism  
  175  16:08  Stalker  
  175  16:09  Stalker x3  
  175  16:11  Stalker x2  
  177  16:12  Probe x3  
  177  16:13  Probe x2  
  175  16:24  Probe x2  
  157  16:29  Probe  
  157  16:32  Probe x3  
  152  16:37  Probe x2  
  154  16:40  Probe  
  154  16:42  Protoss Shields Level 2  
  154  16:44  Probe  
  154  16:45  Probe  
  154  16:46  High Templar x4  
  154  16:47  High Templar x2  
  170  16:49  Probe  
  170  16:50  Archon x2  
  170  16:51  Archon  
  170  16:52  Disruptor  
  174  16:55  Zealot  
  172  17:19  Dark Templar x4  
  162  17:46  Archon  
  162  17:47  Zealot x2, Archon  
  162  17:48  Zealot x6  
  178  17:53  Assimilator  
  178  17:55  Assimilator  
  178  18:06  Nexus  
  178  18:08  Stalker x9  
  178  18:09  Stalker  
  194  18:31  Disruptor x2  
  186  18:57  Tempest  
  186  19:04  Pylon  
  186  19:05  Tempest  
  196  19:12  Pylon  
  196  19:13  Observer  
  192  19:23  Tempest  
  191  19:30  Stalker x4  
Show
View Real Time Build Order
Export as new Build Order

Kelazhur Terran 

Build Orders:  

Get SALT Encoding   

  12  0:00  SCV  
  13  0:12  SCV  
  14  0:17  Supply Depot  
  14  0:24  SCV  
  15  0:28  Refinery  
  15  0:39  SCV  
  16  0:45  Barracks  
  16  0:51  SCV  
  17  1:03  SCV  
  18  1:15  SCV  
  19  1:32  Orbital Command, Marine  
  20  1:33  Factory  
  20  1:40  Supply Depot  
  20  1:50  Barracks Reactor  
  20  1:58  SCV  
  21  2:08  Command Center  
  21  2:10  SCV  
  22  2:22  SCV  
  23  2:29  Hellion x2  
  27  2:31  Supply Depot  
  27  2:34  SCV, Refinery  
  28  2:38  Barracks Tech Lab  
  28  2:47  SCV  
  29  2:52  Hellion  
  29  2:53  Hellion  
  33  3:00  SCV  
  35  3:12  SCV  
  35  3:17  Starport  
  35  3:20  Marine x2  
  35  3:23  Orbital Command  
  35  3:25  SCV  
  38  3:37  SCV  
  38  3:38  Marine x2  
  37  3:43  Cyclone  
  40  3:49  SCV  
  40  3:51  SCV  
  40  3:55  Starport Tech Lab  
  40  4:00  Marine x2  
  40  4:01  SCV  
  41  4:03  SCV  
  42  4:13  SCV  
  42  4:14  Viking  
  42  4:16  Barracks  
  42  4:17  Barracks  
  45  4:18  Marine x2  
  45  4:20  SCV  
  48  4:25  SCV, Siege Tank  
  48  4:31  Supply Depot  
  52  4:32  SCV  
  52  4:37  SCV  
  54  4:44  Supply Depot  
  54  4:52  SCV x2, Marine x2  
  58  4:57  Refinery  
  58  4:58  Engineering Bay  
  58  5:00  Supply Depot  
  58  5:05  SCV  
  58  5:06  SCV  
  63  5:13  Marine x2  
  62  5:16  Starport Reactor  
  62  5:17  SCV  
  62  5:18  SCV  
  64  5:22  Factory Reactor  
  64  5:24  Supply Depot  
  64  5:27  Combat Shield  
  64  5:28  Stimpack  
  64  5:29  SCV  
  64  5:30  SCV, Marauder x2  
  64  5:33  Terran Infantry Weapons Level 1  
  68  5:38  Marine x2  
  68  5:41  SCV  
  68  5:42  SCV  
  72  5:44  Refinery  
  72  5:49  Supply Depot  
  72  5:52  Marauder x2  
  72  5:53  SCV, Medivac  
  72  5:54  Medivac  
  78  5:58  Marine x2  
  80  6:15  Marauder x2  
  84  6:25  SCV  
  84  6:28  Marine x2  
  84  6:29  Medivac  
  87  6:34  Medivac  
  87  6:37  Command Center  
  87  6:39  Marauder x2  
  93  6:42  Supply Depot  
  93  6:51  Marine  
  93  6:54  Concussive Shells  
  94  7:01  Barracks  
  94  7:02  Barracks  
  94  7:03  Supply Depot  
  94  7:04  Marine  
  94  7:06  Marauder, Supply Depot, Marine  
  94  7:08  SCV x2  
  88  7:24  Marauder, Marine x2  
  88  7:27  Medivac x2  
  94  7:35  Marauder  
  79  7:37  SCV x2  
  79  7:40  Terran Infantry Armor Level 1  
  79  7:41  Marine x2  
  82  7:44  Widow Mine x2  
  82  7:46  Marauder  
  88  7:53  SCV  
  88  7:57  Marauder  
  88  7:58  SCV  
  92  8:01  Barracks Reactor, Barracks Tech Lab  
  92  8:02  Marine x2  
  92  8:04  Orbital Command  
  92  8:05  SCV  
  95  8:07  Marine  
  95  8:10  SCV  
  97  8:18  Marauder, Widow Mine x2  
  103  8:20  Marauder  
  103  8:24  SCV  
  103  8:25  Armory  
  103  8:26  Marauder, SCV  
  109  8:30  Marine  
  110  8:36  SCV, Marine  
  110  8:37  SCV  
  110  8:39  Widow Mine x2  
  110  8:40  Marauder  
  117  8:41  Marine x2  
  117  8:42  Marauder  
  117  8:45  Supply Depot  
  121  8:49  Marauder  
  121  8:50  Supply Depot  
  121  8:54  Marine x2  
  125  8:56  Supply Depot  
  125  8:57  Medivac x2  
  125  9:01  Widow Mine  
  125  9:02  SCV x2  
  133  9:07  SCV  
  133  9:08  Marauder x2  
  138  9:11  Marine x2  
  138  9:16  Supply Depot  
  136  9:20  Marine x2  
  136  9:21  Marauder  
  136  9:22  Widow Mine x2  
  142  9:27  Ghost Academy  
  142  9:29  Marine  
  142  9:33  Marauder, Marine x2  
  142  9:38  Marine x2  
  143  9:42  Marauder  
  142  9:46  SCV  
  142  9:47  Marauder  
  142  9:51  Marine x2  
  140  9:54  Marauder  
  140  9:56  Marine x2  
  140  9:57  Widow Mine  
  135  10:03  Marauder  
  131  10:08  Medivac x2, Widow Mine  
  131  10:09  Marauder  
  132  10:16  Marauder  
  132  10:17  Marine x4  
  132  10:19  Widow Mine  
  136  10:24  Marine  
  123  10:29  Ghost  
  123  10:30  Widow Mine  
  123  10:34  Marine  
  123  10:35  Marine x2  
  130  10:37  Marauder  
  130  10:38  Medivac x2  
  130  10:40  Widow Mine  
  137  10:47  Marauder  
  137  10:49  Marine  
  126  10:51  Widow Mine  
  124  10:58  Marauder  
  124  10:59  Marauder  
  124  11:02  Widow Mine  
  121  11:08  Marauder  
  121  11:09  Marine x4  
  121  11:12  Widow Mine, Refinery  
  121  11:15  Command Center  
  121  11:17  SCV x2  
  124  11:19  SCV  
  124  11:20  Marauder  
  124  11:23  Widow Mine  
  129  11:27  Marauder, Marine  
  129  11:29  SCV, Terran Infantry Weapons Level 2  
  129  11:30  Marine x3  
  136  11:33  SCV x2, Engineering Bay  
  136  11:36  Marine  
  136  11:37  Refinery  
  139  11:41  SCV, Marine  
  139  11:45  SCV, Marine  
  143  11:50  Marine x4  
  147  11:54  Medivac  
  147  11:56  Starport  
  151  12:01  Marauder  
  151  12:02  Marine  
  151  12:03  Marine  
  151  12:04  Terran Infantry Armor Level 2  
  151  12:05  Liberator  
  151  12:08  Factory Reactor  
  153  12:18  Ghost, Marine  
  153  12:19  Marine x2  
  153  12:20  Marine  
  159  12:26  SCV x2  
  159  12:27  SCV  
  159  12:28  Liberator  
  165  12:30  Terran Ship Weapons Level 1  
  165  12:32  Marine  
  165  12:34  Marine  
  165  12:36  Liberator  
  165  12:38  Marine x4  
  169  12:44  Barracks  
  169  12:45  Barracks  
  169  12:49  Liberator  
  172  12:57  Marine x3  
  178  13:00  Liberator  
  175  13:11  Marine  
  175  13:12  Marine  
  180  13:14  Liberator  
  180  13:15  Supply Depot x2  
  180  13:17  Marine x5  
  188  13:26  Planetary Fortress, Liberator  
  182  13:29  Marine  
  182  13:30  Marauder  
  182  13:32  Missile Turret, Liberator  
  182  13:33  Marine x2  
  182  13:34  Missile Turret  
  182  13:35  Missile Turret, Marine x4  
  182  13:37  Supply Depot  
  182  13:38  Missile Turret, Marine  
  187  13:47  Liberator, Marine  
  191  13:57  Liberator  
  180  14:05  Marine  
  180  14:06  Marauder x2, Marine  
  180  14:09  Liberator  
  182  14:10  Marine x4  
  182  14:11  Marauder  
  186  14:21  Liberator  
  186  14:23  Marine  
  186  14:24  Marine  
  184  14:26  Widow Mine x2  
  184  14:27  Marine x2  
  184  14:28  Marine  
  193  14:37  Liberator  
  196  14:46  Liberator  
  197  15:18  Terran Vehicle Weapons Level 1  
  197  15:19  Marine  
  197  15:24  Marine x3  
  198  15:45  Viking x2, Liberator x2  
  196  15:55  Marauder x2, Marine  
  165  16:00  Marauder, Marine  
  165  16:02  Marine x2  
  165  16:03  Marine  
  170  16:06  Marine  
  169  16:13  Marine  
  169  16:14  Viking  
  169  16:15  Viking  
  169  16:17  Marauder x2, Marine  
  165  16:19  Command Center  
  165  16:20  Marine  
  165  16:21  Command Center  
  130  16:32  Marauder, Marine x4  
  127  16:35  Marine  
  127  16:36  Widow Mine x2  
  127  16:38  Marauder x2, Marine  
  137  16:47  Missile Turret  
  137  16:50  Marine x2  
  137  16:52  Terran Infantry Weapons Level 3  
  137  16:53  Marauder, Marine x3  
  144  16:56  Marine  
  144  16:57  Widow Mine x2  
  144  16:59  Marauder, Marine  
  152  17:01  Liberator  
  152  17:07  Marine  
  152  17:08  Marine  
  154  17:14  Marine  
  154  17:15  Marauder  
  151  17:18  Widow Mine x2  
  150  17:24  Liberator  
  134  17:33  Marine  
  134  17:34  Marauder x2, Marine x5  
  134  17:36  Marine  
  127  17:49  Missile Turret  
  127  17:51  Marine  
  127  17:52  Marine x2  
  127  17:53  Marine  
  127  17:54  Marauder  
  127  17:55  Marauder x2  
  127  17:57  Sensor Tower  
  137  17:59  Marine  
  137  18:00  Marine  
  139  18:10  Marine  
  140  18:18  Viking x2  
  137  18:31  Ghost x2  
  139  18:40  Marine  
  126  18:46  Marauder, Marine  
  120  18:51  SCV x3  
  120  18:55  Marine x2  
  124  18:57  Barracks Tech Lab, Marine  
  124  18:58  Barracks Reactor  
  124  19:00  Marauder x2  
  130  19:03  SCV x2  
  130  19:06  Medivac x2  
  136  19:10  Marine  
  123  19:21  Marauder x2, Marine  
  123  19:24  Marine  
  116  19:44  Marauder  
  116  19:45  Missile Turret  
  118  19:48  Widow Mine  
Tags
 
Add a new tag
Caveats
  • Supply blocks, unpowered buildings, or Contaminate may cause inaccurate times.
  • Supply counts are checked every 10 seconds.